 Seeded DCSS version 0.30.1-9-gdf580d7c3d (webtiles) character file.

Game seed: 5 (custom seed)

2588 Kazon the Chopper (level 9, -10/67 (68) HPs)
             Began as a Human Fighter on Sept 28, 2023.
             Was a Priest of Makhleb.
             Mangled by a two-headed ogre
             ... wielding a +0 giant spiked club
              (18 damage)
             ... on level 7 of the Dungeon.
             The game lasted 00:23:03 (4988 turns).

Kazon the Chopper (Human Fighter)                   Turns: 4988, Time: 00:23:04

HP:   -10/67 (68)   AC: 11    Str: 20    XL:     9   Next: 89%
MP:   0/21          EV: 11    Int: 12    God:    Makhleb [***...]
Gold: 341           SH:  6    Dex: 19    Spells: 8/8 levels left

rFire   . . .        f - +0 hand axe (flame)
rCold   . . .        c - +0 buckler
rNeg    . . .        b - +0 scale mail
rPois   .            l - +0 helmet
rElec   .            (no cloak)
rCorr   .            (no gloves)
SInv    .            t - +1 pair of boots of the Swamp {Regen+ Int+3}
Will    .....        F - amulet of guardian spirit
Stlth   +            n - ring of magical power
HPRegen 1.11/turn    x - +6 ring of dexterity
MPRegen 0.17/turn

%: guardian spirit
@: lightly drained
A: no striking features
a: Renounce Religion, Minor Destruction, Lesser Servant of Makhleb


You were on level 7 of the Dungeon.
You worshipped Makhleb.
Makhleb was most pleased with you.
You visited 2 branches of the dungeon, and saw 8 of its levels.
You also visited: Ossuary.

You collected 341 gold pieces.

Inventory:

Hand Weapons
 a - a +0 war axe
 e - a +2 vampiric dagger
 f - a +0 hand axe of flaming (weapon)
 h - a +2 dagger of holy wrath
 v - a +0 vampiric hand axe
Missiles
 k - 4 boomerangs
 r - 9 poisoned darts
 B - 27 stones
Armour
 b - a +0 scale mail (worn)
 c - a +0 buckler (worn)
 i - a +0 tower shield
 l - a +0 helmet (worn)
 t - the +1 pair of boots of the Swamp (worn) {Regen+ Int+3}
   (You acquired it on level 1 of the Dungeon)

   Int:       It affects your intelligence (+3).
   Regen:     It increases your rate of health regeneration.
Jewellery
 n - a ring of magical power (left hand)
 x - a +6 ring of dexterity (right hand)
 F - an amulet of guardian spirit (around neck)
Wands
 C - a wand of paralysis (8)
Scrolls
 g - a scroll of fog {unknown}
 m - a scroll of teleportation
 o - 5 scrolls of identify {unknown}
 p - 2 scrolls of magic mapping {unknown}
 q - a scroll of blinking {unknown}
 s - 2 scrolls of summoning {unknown}
 y - a scroll of amnesia {unknown}
 A - a scroll of torment {unknown}
 E - a scroll of poison {unknown}
 H - a scroll of enchant armour {unknown}
 M - 2 scrolls of fear {unknown}
 N - a scroll of enchant weapon {unknown}
Potions
 d - a potion of might
 j - 5 potions of curing {unknown}
 u - 4 potions of flight {unknown}
 w - 2 potions of invisibility {unknown}
 z - 4 potions of heal wounds {unknown}
 D - a potion of lignification {unknown}
 G - 4 potions of attraction {unknown}
 I - 2 potions of berserk rage {unknown}
 J - a potion of resistance {unknown}
 K - a potion of haste {unknown}
 L - 2 potions of brilliance {unknown}


   Skills:
 + Level 5.0 Fighting
 + Level 2.5 Short Blades
 + Level 5.7 Axes
 + Level 3.0 Throwing
 + Level 5.6 Armour
 + Level 3.3 Dodging
 + Level 1.8 Stealth
 + Level 4.9 Shields
 + Level 4.6 Invocations
 * Level 4.2 Evocations


You had 8 spell levels left.
You didn't know any spells.
Your spell library contained the following spells:

 Spells                   Type           Power      Damage    Failure   Level
 Frozen Ramparts          Ice            0%         1d1       97%         3
 Ignite Poison            Fire/Tmut/Pois 0%         N/A       97%         3
 Ice Form                 Ice/Tmut       0%         N/A       100%        4
 Sticky Flame             Conj/Fire      0%         2d3       100%        4
 Summon Ice Beast         Ice/Summ       0%         N/A       100%        4
 Summon Forest            Summ/Tloc      0%         N/A       100%        5
 Eringya's Noxious Bog    Tmut/Pois      0%         N/A       100%        6
 Summon Hydra             Summ           0%         N/A       100%        7
 Ignition                 Fire           0%         3d3       100%        8


Dungeon Overview and Level Annotations

Branches:
Dungeon (7/15)             Temple (1/1) D:4         Ossuary (visited)

Altars:
Dithmenos
Fedhas
Gozag
Hepliaklqana
Makhleb
Okawaru
Qazlal
Wu Jian
Xom
The Shining One


Message History

You hit the scorpion but do no damage.
The scorpion is heavily wounded.
The scorpion stings you.
You hit the scorpion. You burn the scorpion.
The scorpion is severely wounded.
The scorpion barely misses you.
You hit the scorpion. You burn the scorpion.
You kill the scorpion!
Makhleb accepts your kill.
You feel better.
Okay, then.
Found 18 gold pieces.
You now have 341 gold pieces (gained 18).
A two-headed ogre comes into view.
It is wielding a +0 giant spiked club and a +0 giant club.
A demon appears!
You hit the two-headed ogre but do no damage.
The two-headed ogre hits you with a +0 giant spiked club.
The two-headed ogre hits you with a +0 giant club!!
Your orange demon stings the two-headed ogre from afar!
The two-headed ogre looks as sick as possible!
Your orange demon poisons the two-headed ogre!
You hit the two-headed ogre but do no damage.
The two-headed ogre is moderately wounded.
Your orange demon stings the two-headed ogre from afar!
The two-headed ogre hits you with a +0 giant spiked club!!
The two-headed ogre barely misses you.
You hit the two-headed ogre. You burn the two-headed ogre.
The two-headed ogre is heavily wounded.
Your orange demon completely misses the two-headed ogre.
You hit the two-headed ogre but do no damage.
The two-headed ogre is heavily wounded.
The two-headed ogre hits you with a +0 giant spiked club!!
* * * LOW HITPOINT WARNING * * *
The two-headed ogre closely misses you.
Your orange demon stings the two-headed ogre but does no damage.
The two-headed ogre attacks as you move away!
The two-headed ogre hits you with a +0 giant spiked club!
* * * LOW HITPOINT WARNING * * *
The two-headed ogre hits you with a +0 giant club!!
You die...

#.##.# #.##.# #.##.#
#.##.# #####.##.#
#####.....##.######.
#####..........4........
......###.######O#.####
####### #.# ##@#.# #.#
##....# #.# #.....#
####.# #.....# #....#
#.$<..# #.#### #....## #
#.# #....# # #.# #.....
# #.#######....##


You could see a two-headed ogre (very poisoned, ally target) and a friendly
orange demon (summoned).

Vanquished Creatures
  Sigmund (D:4)
  Duvessa (D:6)
  A water moccasin (D:6)
  2 black bears (D:4)
  A centaur (D:6)
  An ogre (D:5)
  An elf zombie (Ossuary)
  A kobold brigand (D:7)
  3 scorpions
  5 wights (D:7)
  4 killer bees
  Dowan (D:6)
  A howler monkey (D:6)
  5 hounds
  A centaur zombie (Ossuary)
  2 orc priests (D:6)
  3 human zombies (Ossuary)
  A jelly (D:5)
  6 iguanas
  4 orc wizards (D:6)
  4 ogre zombies (Ossuary)
  7 mummies (Ossuary)
  4 gnolls (D:5)
  9 adders
  2 ufetubi
  A worm zombie (D:7)
  2 adder zombies (Ossuary)
  3 worms
  14 orcs
  4 bats
  9 endoplasms
  A giant cockroach (D:1)
  12 goblins
  7 hobgoblins
  11 jackals
  10 kobolds
  3 quokkas (D:4)
  5 ball pythons
  3 frilled lizards
  4 goblin zombies (Ossuary)
  6 hobgoblin zombies
  3 kobold zombies
  4 quokka zombies (Ossuary)
  4 rats
  4 rat zombies (Ossuary)
181 creatures vanquished.

Notes
Turn   | Place    | Note
-------+----------+-------------------------------------------
     0 | D:1      | Kazon the Human Fighter began the quest for the Orb.
     0 | D:1      | Reached XP level 1. HP: 18/18 MP: 1/1
    35 | D:1      | Identified a scroll of acquirement
    35 | D:1      | Acquired the +1 pair of boots of the Swamp {Regen+ Int+3}
    61 | D:1      | Reached XP level 2. HP: 17/24 MP: 2/2
   181 | D:1      | Reached XP level 3. HP: 29/29 MP: 3/3
   999 | D:2      | Reached XP level 4. HP: 35/35 MP: 4/4
  1449 | D:2      | Reached XP level 5. HP: 41/41 MP: 5/5
  1511 | D:2      | Reached skill level 1 in Throwing
  1801 | D:3      | Found a blossoming altar of Fedhas.
  1826 | D:3      | Reached skill level 1 in Dodging
  1873 | D:3      | Found a stormy altar of Qazlal.
  2045 | D:3      | Identified the +2 sling "Qeuhanocyt" {speed, rElec Str-3
                  | Dex+2}
  2130 | D:3      | Found a faded altar of an unknown god.
  2183 | D:4      | Found a staircase to the Ecumenical Temple.
  2191 | Temple   | Entered the Ecumenical Temple
  2208 | Temple   | Became a worshipper of Makhleb the Destroyer
  2375 | D:4      | Reached skill level 1 in Stealth
  2375 | D:4      | Reached XP level 6. HP: 47/47 MP: 6/6
  2528 | D:4      | Noticed a black bear
  2543 | D:4      | Killed a black bear
  2544 | D:4      | Reached skill level 1 in Short Blades
  2544 | D:4      | Reached skill level 1 in Invocations
  2556 | D:4      | Found a hazy altar of Hepliaklqana.
  2561 | D:4      | Found a shadowy altar of Dithmenos.
  2561 | D:4      | Noticed a shadow
  2613 | D:4      | Noticed a black bear
  2619 | D:4      | Killed a black bear
  2620 | D:4      | Reached XP level 7. HP: 48/52 MP: 8/8
  3051 | D:4      | Noticed Sigmund
  3065 | D:4      | Killed Sigmund
  3066 | D:4      | Reached skill level 1 in Evocations
  3091 | D:5      | Entered Level 5 of the Dungeon
  3231 | D:5      | Reached XP level 8. HP: 34/60 MP: 9/9
  3585 | D:6      | Noticed Dowan
  3590 | D:6      | Noticed Duvessa
  3624 | D:6      | Killed Duvessa
  3624 | D:6      | Reached * piety under Makhleb
  3631 | D:6      | Killed Dowan
  3693 | D:6      | Reached skill level 5 in Armour
  3781 | D:6      | Reached skill level 5 in Axes
  3805 | D:6      | Reached XP level 9. HP: 65/65 MP: 11/11
  4102 | D:6      | Found a shimmering altar of Xom.
  4213 | D:7      | Found a sand-covered staircase.
  4230 | Ossuary  | Entered an ossuary
  4344 | Ossuary  | Reached ** piety under Makhleb
  4813 | D:7      | Reached *** piety under Makhleb
  4904 | D:7      | Reached skill level 5 in Fighting
  4980 | D:7      | Noticed a two-headed ogre
  4988 | D:7      | Mangled by a two-headed ogre

Illustrated notes

Levels and vault maps discovered:
D:1:      ebering_trefoil_3fold, layout_basic, st_stairs_14, serial_bayou_ford_a
D:2:      layout_basic, hangedman_decor_growths, minmay_close_crescents
D:3:      layout_rooms, mainiacjoe_overflow_concentric_impassable,
          mainiacjoe_overflow_paths, shapermc_ecumenical_altar_acropolis,
          chequers_serial_rivers_micro_b
D:4:      layout_basic, riverfiend_overflow_shadow_ancestor,
          minmay_temple_entry_glass, uniq_sigmund
D:5:      layout_gridville
D:6:      layout_basic, xom_teletrap_fun, uniq_duvessa
D:7:      layout_loops_ring, enter_ossuary_3, roderic_batcave
Temple:   nicolae_temple_elliptical

Skill      XL: |  1  2  3  4  5  6  7  8  9 |
---------------+----------------------------+-----
Axes           | 3 4 5 |  5.7
Throwing       | 1 2 3 |  3.0
Dodging        | 1 2 3 |  3.3
Stealth        | 1 |  1.8
Short Blades   | 1 2 |  2.5
Invocations    | 1 2 3 4 |  4.6
Armour         | 4 5 |  5.6
Evocations     | 1 2 4 |  4.2
Fighting       | 4 5 |  5.0
Shields        | 4 |  4.9

Action                     |  1- 3 |  4- 6 |  7- 9 || total
---------------------------+-------+-------+-------++-------
  Melee: War axe           |   127 |    95 |       ||   222
         Dagger            |       |    64 |   262 ||   326
         Hand axe          |       |    11 |   403 ||   414
  Throw: Stone             |       |    15 |    12 ||    27
         Dart              |       |     4 |    15 ||    19
         Boomerang         |       |       |    18 ||    18
 Invoke: Minor Destruction |       |       |    24 ||    24
         Lesser Servant of |       |       |     1 ||     1
    Use: Scroll            |     2 |     1 |       ||     3
         Potion            |     1 |       |       ||     1
 Armour: Scale mail        |    66 |    93 |   211 ||   370
  Dodge: Dodged            |    60 |    76 |   256 ||   392
  Block: Buckler           |    34 |    41 |   159 ||   234
